 Dungeon Crawl Stone Soup version 0.25-a0-36-g303dd5b1f4 (webtiles) character file.

Game seed: 14024372993664235349, levelgen mode: deterministic

5817 TerjeT the Arsonist (level 10, -16/71 HPs)
             Began as a Green Draconian Fire Elementalist on Oct 20, 2019.
             Was a Believer of Vehumet.
             Engulfed by an ice statue's freezing vapour (38 damage)
             ... in an ice cave.
             The game lasted 01:41:17 (12300 turns).

TerjeT the Arsonist (DrFE)                         Turns: 12300, Time: 01:41:17

Health: -16/71     AC: 11    Str:  9    XL:     10   Next: 51%
Magic:  1/32       EV: 12    Int: 17    God:    Vehumet [**....]
Gold:   319        SH:  0    Dex: 17    Spells: 12/27 levels left

rFire    + . .     SeeInvis .   l - staff of energy
rCold    . . .     Gourm    .   (no shield)
rNeg     . . .     Faith    .   (armour unavailable)
rPois    +         Spirit   .   (helmet restricted)
rElec    .         Reflect  .   a - +1 cloak
rCorr    .         Harm     .   r - +1 pair of gloves
MR       .....                  (no boots)
Stlth    ++........             y - amulet of regeneration
HPRegen  0.61/turn              j - ring of magical power
MPRegen  0.23/turn              x - ring "Cocuy" {+Blink rF+ Str-2 Dex+4} (curse)

@: slowed, very slow
A: breathe noxious fumes, unfitting armour, poison resistance, cold-blooded, AC
+7
a: Breathe Noxious Fumes, Renounce Religion, Evoke Blink


You were in an ice cave.
You worshipped Vehumet.
Vehumet was pleased with you.
You were not hungry.

You visited 3 branches of the dungeon, and saw 10 of its levels.
You also visited: Sewer and Ice Cave.

You collected 424 gold pieces.
You spent 105 gold pieces at shops.

Inventory:

Hand Weapons
 k - a +5 club
 p - a +2 rapier of draining
 q - the +5 hand crossbow of Anger {elec, rElec Int+5 Dex+4}
   (You found it on level 6 of the Dungeon)

   It charges the ammunition it shoots with electricity; occasionally upon a
   hit, such missiles may discharge and cause terrible harm.
   It affects your intelligence (+5).
   It affects your dexterity (+4).
   It insulates you from electricity.
Armour
 a - a +1 cloak (worn)
 r - a +1 pair of gloves (worn)
Magical Staves
 l - an uncursed staff of energy (weapon)
Jewellery
 j - a ring of magical power (left hand)
 u - an uncursed amulet of guardian spirit
 x - the cursed ring "Cocuy" (right hand) {+Blink rF+ Str-2 Dex+4}
   (You found it on level 7 of the Dungeon)

   [ring of strength]

   It affects your strength (-2).
   It affects your dexterity (+4).
   It protects you from fire.
   It lets you blink.
   It has a curse placed upon it.
 y - an amulet of regeneration (around neck)
 z - the cursed necklace of Bloodlust {*Rage +Rage MR++ Int-3 Slay+6 *Curse}
   (You found it on level 7 of the Dungeon)

   [amulet of rage]

   It affects your intelligence (-3).
   It affects your accuracy and damage with ranged weapons and melee attacks
   (+6).
   It affects your resistance to hostile enchantments.
   It lets you go berserk.
   It may make you go berserk in combat.
   It curses itself when equipped.
   It has a curse placed upon it.
Wands
 d - a wand of flame (5)
 E - a wand of enslavement (8)
 G - a wand of digging (6)
Scrolls
 e - 2 scrolls of amnesia
 g - a scroll of magic mapping
 t - 2 scrolls of fog
 w - 2 scrolls of blinking
 A - a scroll of identify
 B - 2 scrolls of remove curse
 C - a scroll of teleportation
Potions
 c - a potion of cancellation
 f - 3 potions of flight
 h - a potion of resistance {unknown}
 i - 4 potions of curing
 m - 2 potions of lignification {unknown}
 n - a potion of invisibility {unknown}
 o - 4 potions of heal wounds
 s - a potion of agility {unknown}
 v - a potion of mutation
 D - a potion of might
Comestibles
 b - 13 rations


   Skills:
 - Level 1.1 Fighting
 - Level 2.0 Short Blades
 + Level 0.6(0.7) Staves
 - Level 1.9 Dodging
 - Level 1.7 Stealth
 + Level 9.0 Spellcasting
 + Level 8.9 Conjurations
 + Level 9.0 Fire Magic
 + Level 1.7 Evocations


You had 12 spell levels left.
You knew the following spells:

 Your Spells              Type           Power        Failure   Level  Hunger
a - Flame Tongue          Conj/Fire      #####        1%          1    None
b - Throw Flame           Conj/Fire      #####.       1%          2    None
c - Conjure Flame         Conj/Fire      #####...     1%          3    None
d - Fireball              Conj/Fire      #####.....   7%          5    None
e - Magic Dart            Conj           ####         1%          1    None
f - Ignite Poison         Fire/Tmut/Pois ###.....     9%          3    None

Your spell library contained the following spells:

 Spells                   Type           Power        Failure   Level  Hunger
 Throw Frost              Conj/Ice       ###...       2%          2    None
 Sticky Flame             Conj/Fire      #####...     2%          4    None
 Inner Flame              Hex/Fire       ###.....     4%          3    None
 Animate Skeleton         Necr           N/A          10%         1    None
 Apportation              Tloc           #.....       10%         1    None
 Confusing Touch          Hex            #.....       10%         1    None
 Freeze                   Ice            #...         10%         1    None
 Pain                     Necr           #...         10%         1    None
 Summon Small Mammal      Summ           #...         10%         1    None
 Throw Icicle             Conj/Ice       ###.....     16%         4    None
 Ozocubu's Armour         Chrm/Ice       #.......     28%         3    None
 Regeneration             Chrm/Necr      #.........   28%         3    None
 Vampiric Draining        Necr           #.........   28%         3    None
 Animate Dead             Necr           N/A          67%         4    None
 Summon Ice Beast         Ice/Summ       #.......     67%         4    None


Dungeon Overview and Level Annotations

Branches:
Dungeon (8/15)             Temple (1/1) D:6            Lair (1/6) D:8
  Sewer (visited)           IceCv (1/1)

Altars:
Ashenzari
Cheibriados
Dithmenos
Elyvilon
Fedhas
Gozag
Hepliaklqana
Kikubaaqudgha
Makhleb
Nemelex Xobeh
Okawaru
Qazlal
Ru
Sif Muna
Trog
Uskayaw
Vehumet
Wu Jian
Xom
Yredelemnul
Zin
The Shining One

Shops:
D:7 [   D:8 *?:!}

Annotations:
IceCv exclusion: 2 ice statues


Innate Abilities, Weirdness & Mutations

You can breathe blasts of noxious fumes.
Your lurid green scales are hard. (AC +7)
You cannot fit into any form of body armour.
Your system is resistant to poisons. (rPois)
You are cold-blooded and may be slowed by cold attacks.


Message History

The freezing blast engulfs you.
Casting: Flame Tongue (safe; 1% risk of failure)
Confirm with . or Enter, or press ? or * to list all spells.
Aiming: Flame Tongue (safe; 1% risk of failure)
Press: ? - help, Shift-Dir - straight line, f/p - ice statue
Aim: an ice statue (almost destroyed)
You hear a sizzling sound!
You are engulfed in freezing vapours.
You feel yourself slow down.
* * * LOW HITPOINT WARNING * * *
The ice statue gestures.
Casting: Flame Tongue (safe; 1% risk of failure)
Confirm with . or Enter, or press ? or * to list all spells.
Aiming: Flame Tongue (safe; 1% risk of failure)
Press: ? - help, Shift-Dir - straight line, f/p - ice statue
Aim: an ice statue (almost destroyed)
You hear a sizzling sound!
You are engulfed in freezing vapours.
You feel as though you will be slow longer.
Ouch! That really hurt!
You die...

.....# ##.....##
#.......# #### 8.Y.....#
##..###### ##........
#....##..## ###.........
..........###..○.☼......
.∩.∩.......#...☼@○......
.......##.†..##○°☼......
#....#####..####........
##..## #### 8........
#### #........ ##......#
#....## #..##


You could see 2 ice statues and an ice beast.

Vanquished Creatures
  A rime drake (IceCv)
  A komodo dragon (Lair:1)
  A spiny frog (Lair:1)
  A hornet (D:8)
  A hippogriff (D:8)
  A basilisk (Lair:1)
  Menkaure (D:6)
  3 water moccasins
  An orc warrior (D:6)
  3 sky beasts
  12 ice beasts
  2 ogres
  4 phantoms
  A centaur (D:5)
  4 big kobolds
  3 bullfrogs
  4 scorpions
  3 killer bees (D:8)
  2 howler monkeys (D:6)
  4 crimson imps
  2 bullfrog zombies
  A centaur skeleton (D:4)
  2 hounds
  A gnoll shaman (D:8)
  3 orc priests
  3 orc wizards
  4 iguanas
  6 worker ants
  Terence (D:3)
  A killer bee zombie (D:5)
  Robin (D:3)
  7 gnolls
  9 adders
  4 shadow imps
  4 oozes
  An adder skeleton (D:4)
  8 worms
  6 leopard geckos
  15 orcs
  9 bats
  4 giant cockroaches
  11 goblins
  10 hobgoblins
  10 jackals
  3 quokkas
  3 ball pythons
  5 frilled lizards
  A jackal zombie (D:8)
  33 kobolds
  A quokka skeleton (D:4)
  A quokka zombie (D:6)
  6 rats
229 creatures vanquished.

Notes
Turn   | Place    | Note
-------+----------+-------------------------------------------
     0 | D:1      | TerjeT the Draconian Fire Elementalist began the quest for
                  | the Orb.
     0 | D:1      | Reached XP level 1. HP: 14/14 MP: 3/3
   151 | D:1      | Reached XP level 2. HP: 20/20 MP: 1/5
  1012 | D:2      | Reached XP level 3. HP: 26/26 MP: 0/6
  1371 | D:2      | Found an iron altar of Okawaru.
  1542 | D:2      | Found a glowing golden altar of the Shining One.
  1603 | D:2      | Found a sacrificial altar of Ru.
  1728 | D:2      | Found a hide-covered altar of Uskayaw.
  1868 | D:2      | Found a bloodstained altar of Trog.
  2185 | D:3      | Noticed Robin
  2276 | D:3      | Reached XP level 4. HP: 33/33 MP: 3/8
  2420 | D:3      | Noticed an angel
  2421 | D:3      | Found a shimmering altar of Xom.
  2430 | D:3      | Found a glowing silver altar of Zin.
  2459 | D:3      | Found a glowing drain.
  2514 | Sewer    | Entered a sewer
  2586 | Sewer    | Reached XP level 5. HP: 39/39 MP: 6/9
  2737 | Sewer    | Reached skill level 1 in Short Blades
  3673 | Sewer    | Reached XP level 6. HP: 46/46 MP: 9/11
  3729 | Sewer    | Reached skill level 1 in Fighting
  3892 | D:3      | Learned a level 2 spell: Throw Flame
  4578 | D:3      | Killed Robin
  4942 | D:3      | Noticed Terence
  4957 | D:3      | Killed Terence
  5680 | D:4      | Your scales start taking on a lurid green colour.
  5680 | D:4      | Reached XP level 7. HP: 48/52 MP: 2/13
  5680 | D:4      | Gained mutation: Your system is resistant to poisons.
                  | (rPois) [Green Draconian growth]
  5903 | D:4      | Reached skill level 5 in Fire Magic
  5953 | D:4      | Learned a level 3 spell: Conjure Flame
  6284 | D:5      | Entered Level 5 of the Dungeon
  6364 | D:5      | Reached skill level 5 in Spellcasting
  6919 | D:5      | Reached XP level 8. HP: 53/59 MP: 3/16
  7279 | D:6      | Found a staircase to the Ecumenical Temple.
  7449 | Temple   | Entered the Ecumenical Temple
  7707 | Temple   | Became a worshipper of Vehumet
  7768 | D:6      | Reached skill level 5 in Conjurations
  7947 | D:6      | Got a polished hand crossbow
  7948 | D:6      | Identified the +5 hand crossbow of Anger {elec, rElec Int+5
                  | Dex+4} (You found it on level 6 of the Dungeon)
  8094 | D:6      | Learned a level 5 spell: Fireball
  8252 | D:6      | Noticed Menkaure
  8581 | D:6      | Found a burning altar of Makhleb.
  8686 | D:6      | Got an ancient robe
  8753 | D:6      | Found a blossoming altar of Fedhas.
  8817 | D:6      | Killed Menkaure
  8919 | D:6      | Reached XP level 9. HP: 64/64 MP: 19/19
  8924 | D:6      | Reached * piety under Vehumet
  8924 | D:6      | Offered knowledge of Sandblast by Vehumet.
  9317 | D:6      | Found a shadowy altar of Dithmenos.
  9755 | D:7      | Found Luin's Antique Armour Shop.
  9838 | D:7      | Got a transparent steel ring
  9839 | D:7      | Identified the cursed ring "Cocuy" {+Blink rF+ Str-2 Dex+4}
                  | (You found it on level 7 of the Dungeon)
  9873 | D:7      | Found the cursed necklace of Bloodlust {*Rage +Rage MR++
                  | Int-3 Slay+6 *Curse}
 10211 | D:8      | Found Giar Isu's Distillery.
 10214 | D:8      | Bought a potion of heal wounds for 60 gold pieces
 10495 | D:8      | Offered knowledge of Magic Dart by Vehumet.
 10499 | D:8      | Reached ** piety under Vehumet
 10506 | D:8      | Learned a level 1 spell: Magic Dart
 10519 | D:8      | Found Umizaimu's Book Boutique.
 10572 | D:8      | Found a staircase to the Lair.
 10577 | D:8      | Found Xisuobet's Magic Scroll Shoppe.
 10581 | D:8      | Bought a scroll of teleportation for 45 gold pieces
 10748 | D:8      | Found Ynekh's Assorted Antiques.
 11145 | D:8      | Found Etoaps's Gadget Boutique.
 11361 | D:8      | Found a snail-covered altar of Cheibriados.
 11731 | Lair:1   | Entered Level 1 of the Lair of Beasts
 11742 | Lair:1   | Reached XP level 10. HP: 71/71 MP: 22/22
 11843 | Lair:1   | Noticed a spiny frog
 11849 | Lair:1   | Killed a spiny frog
 11936 | Lair:1   | Found a frozen archway.
 11945 | IceCv    | Entered an ice cave
 11947 | IceCv    | Reached skill level 1 in Evocations
 12118 | IceCv    | Offered knowledge of Ignite Poison by Vehumet.
 12123 | IceCv    | Learned a level 3 spell: Ignite Poison
 12289 | IceCv    | Noticed an ice statue
 12289 | IceCv    | Noticed an ice statue
 12300 | IceCv    | Engulfed by an ice statue's freezing vapour

Levels and vault maps discovered:
D:1:      dpeg_arrival_arbitrary_a, layout_rooms, minmay_pentomino_r2
D:2:      layout_basic, eat_drink_and_be_merry_uskayaw,
          nicolae_overflow_crystal_walls, nicolae_ru_the_path_less_chosen,
          bloody_trog, okawaru_gym_becter
D:3:      layout_loops_corners, grunt_temple_overflow_order_and_chaos_1,
          first_ration, cheibrodos_sewer_entry_bend, minmay_misc_feat_square,
          uniq_robin, uniq_terence
D:4:      layout_basic, minmay_close_crescents
D:5:      layout_loops_ring
D:6:      layout_loops_ring, grunt_dithmenos_shadows, makhleb_grotto_becter,
          minmay_temple_entry_offerings, basic_altar, minmay_puff, uniq_menkaure
D:7:      lemuel_ice_spiral_2, layout_basic, serial_shops, shop,
          ebering_dispersal_statue_hall
D:8:      layout_loops_corners, kennysheep_mini, lair_entry_dummy, serial_shops,
          kennysheep_mini_moat, kennysheep_little_box, shop, shop, shop
Temple:   oiseaux_autumnal_temple
Lair:1:   layout_regular_city, portal_ice_cave_entry_pillars_1,
          infiniplex_staircase_pool_2
IceCv:    ice_cave_small_dragons

Skill      XL: |  1  2  3  4  5  6  7  8  9 10 |
---------------+-------------------------------+-----
Spellcasting   | 3 4 5 6 8 9 |  9.0
Fire Magic     | 4 5 7 8 9 |  9.0
Conjurations   | 2 3 4 6 7 8 |  8.9
Short Blades   | 1 2 |  2.0
Fighting       | 1 |  1.1
Evocations     | 1 |  1.7
Staves         | |  0.6
Dodging        | |  1.9
Stealth        | |  1.7

Action                   |  1- 3 |  4- 6 |  7- 9 | 10-12 || total
-------------------------+-------+-------+-------+-------++-------
Melee: Unarmed           |     4 |       |       |       ||     4
       Tailslap          |     3 |     7 |     8 |       ||    18
       Dagger            |    33 |       |       |       ||    33
       Rapier            |     3 |    24 |       |       ||    27
       Club              |       |    37 |    76 |       ||   113
       Staff             |       |       |     7 |       ||     7
 Cast: Flame Tongue      |    76 |    80 |   254 |    39 ||   449
       Throw Flame       |       |    33 |    99 |    34 ||   166
       Conjure Flame     |       |       |     6 |       ||     6
       Fireball          |       |       |     2 |     8 ||    10
       Magic Dart        |       |       |    24 |     2 ||    26
 Abil: Breathe Noxious F |       |       |     4 |       ||     4
Evoke: Wand              |       |       |     1 |       ||     1
  Use: Scroll            |     3 |     4 |     9 |       ||    16
       Potion            |       |     3 |     2 |       ||     5
 Stab: Sleeping          |     1 |       |       |       ||     1
  Eat: Chunk             |     5 |    13 |     8 |       ||    26
       Ration            |       |       |     3 |     1 ||     4
Armor: Skin              |    25 |    32 |    90 |     9 ||   156
Dodge: Dodged            |    37 |    47 |   154 |     9 ||   247

Table legend:
 A = Non-vault XP
 B = Vault XP
 C = Vault XP percentage of total XP
 D = Non-vault monster count
 E = Vault monster count
 F = Vault count percentage of total count
                 A         B        C        D         E       F
            +---------+---------+-------+---------+---------+-------
      Total |    5643 |    2667 |  32.1 |     166 |      63 |  27.5
            +---------+---------+-------+---------+---------+-------
        D:1 |      27 |       4 |  12.9 |      16 |       2 |  11.1
        D:2 |      49 |       0 |   0.0 |      22 |       0 |   0.0
        D:3 |     104 |      80 |  43.5 |      22 |      15 |  40.5
        D:4 |     358 |      75 |  17.3 |      17 |       2 |  10.5
        D:5 |     438 |       0 |   0.0 |       9 |       0 |   0.0
        D:6 |    1482 |     366 |  19.8 |      32 |       4 |  11.1
        D:7 |     518 |       0 |   0.0 |      17 |       0 |   0.0
        D:8 |    1572 |       0 |   0.0 |      27 |       0 |   0.0
     Lair:1 |    1095 |       0 |   0.0 |       4 |       0 |   0.0
      Sewer |       0 |     313 | 100.0 |       0 |      28 | 100.0
      IceCv |       0 |    1829 | 100.0 |       0 |      12 | 100.0
            +---------+---------+-------+---------+---------+-------
